 Seeded DCSS version 0.29-a0-472-ge5599a681e (webtiles) character file.

Game seed: 6774861435536819975 (custom seed)

714 bwicke the Skirmisher (level 8, -3/59 HPs)
             Began as a Djinni Wanderer on May 22, 2022.
             Slain by a bullfrog (7 damage)
             ... on level 5 of the Dungeon on May 23, 2022.
             The game lasted 00:20:06 (5476 turns).

bwicke the Skirmisher (Djinni Wanderer)             Turns: 5476, Time: 00:20:06

Health: -3/59      AC:  3    Str: 10    XL:     8   Next: 1%
Gold:   159        EV: 12    Int: 16    God:
                   SH:  0    Dex: 14

rFire   + + +      SeeInvis .   m - +2 short sword (venom)
rCold   x . .      Faith    .   (no shield)
rNeg    . . .      Spirit   .   d - +0 robe
rPois   ∞          Reflect  .   b - +0 helmet
rElec   .          Harm     .   (no cloak)
rCorr   .          Rampage  .   (no gloves)
Will    .....                   (boots unavailable)
Stlth   +.........              (no amulet)
HPRegen 0.19/turn               n - ring of protection from fire
MPRegen 0.00/turn               (no ring)

@: flying
A: sickness immunity, fire resistance 2, cold vulnerability 1, float, innate
caster, HP casting, extra vitality 1
a: no special abilities


You were on level 5 of the Dungeon.
You visited 1 branch of the dungeon, and saw 6 of its levels.
You also visited: Sewer.

You collected 159 gold pieces.

Inventory:

Hand Weapons
 a - a +2 short sword
 m - a +2 short sword of venom (weapon)
Missiles
 e - 14 poisoned darts
 f - 4 atropa-tipped darts
 i - 2 throwing nets
 l - 55 stones
Armour
 b - a +0 helmet (worn)
 d - a +0 robe (worn)
Jewellery
 n - a ring of protection from fire (left hand)
Wands
 x - a wand of mindburst (7)
Scrolls
 c - a scroll of vulnerability
 j - a scroll of teleportation
 p - 2 scrolls of blinking {unknown}
 t - a scroll of torment {unknown}
 w - a scroll of poison {unknown}
 y - a scroll of summoning {unknown}
Potions
 g - a potion of ambrosia {unknown}
 h - a potion of heal wounds {unknown}
 k - a potion of haste
 o - 2 potions of curing {unknown}
 q - a potion of flight
 r - 2 potions of degeneration {unknown}
 s - a potion of cancellation {unknown}
 u - a potion of lignification {unknown}
 z - a potion of invisibility {unknown}
Miscellaneous
 v - a piece from Xom's chessboard (15/15)


   Skills:
 + Level 5.2 Fighting
 - Level 3.6 Short Blades
 - Level 1.0 Throwing
 - Level 2.1 Dodging
 - Level 5.0 Spellcasting


You had 7 spell levels left.
You knew the following spells:

 Your Spells              Type           Power      Damage    Failure   Level
a - Stone Arrow           Conj/Erth      40%        3d9       6%          3
b - Sandblast             Erth           40%        2d10      1%          1
c - Necrotize             Necr           80%        1d8       1%          1
d - Call Imp              Summ           20%        N/A       3%          2
e - Dazzling Flash        Conj/Hex       40%        N/A       6%          3

Your spell library contained the following spells:

 Spells                   Type           Power      Damage    Failure   Level


Dungeon Overview and Level Annotations

Branches:
Dungeon (6/15)              Sewer (visited)
 Temple: D:4-7

Altars:
Okawaru

Shops:
D:3 (

Annotations:
D:4 Pikel


Innate Abilities, Weirdness & Mutations

You are immune to sickness and miasma.
You are immune to poison.
Your flesh is very heat resistant. (rF++)
You are vulnerable to cold. (rC-)
You float through the air rather than walking.
You learn spells naturally, not from books.
Your magical power is your life essence.
You have superior vitality. (+4 MHP)


Message History

There is a stone staircase leading up here.
The bullfrog closely misses you. The ufetubus hits you.
The ufetubus closely misses you. The bullfrog closely misses you.
You fly upwards.
Level annotation: Pikel The lemure hits you.
There is a stone staircase leading down here.
The ufetubus hits you but does no damage.
The ufetubus hits you. The bullfrog barely misses you.
The lemure closely misses you. The ufetubus completely misses you.
The ufetubus hits you.
You fly downwards.
The iguana bites you. The iguana closely misses you.
The orc hits you but does no damage.
There is a stone staircase leading up here.
Okay, then.
The lemure attacks as you move away! The lemure hits you but does no damage.
The bullfrog closely misses you.
The bullfrog hits you but does no damage.
The iguana bites you.
* * * LOW HITPOINT WARNING * * *
The bullfrog attacks as you move away!
The bullfrog hits you but does no damage.
The iguana attacks as you move away!
The iguana bites you but does no damage.
The ufetubus barely misses you. x2
Your magical contamination has completely faded away.
The ufetubus attacks as you move away! The ufetubus hits you.
* * * LOW HITPOINT WARNING * * *
The ufetubus hits you.
* * * LOW HITPOINT WARNING * * *
The bullfrog hits you!
* * * LOW HITPOINT WARNING * * *
The ufetubus misses you. The ufetubus closely misses you.
The bullfrog completely misses you.
The bullfrog hits you but does no damage.
There is a stone staircase leading down here.
The bullfrog attacks as you move away! The bullfrog hits you.
* * * LOW HITPOINT WARNING * * *
The bullfrog hits you!
You die...

#.. ..##.....###.#..
..##.##............
...........###....
#[...#.....##...#. .
#................# ..
#....#........#... ...
#....#........###. ....
#....#............
)....#@####...<.....###
#..F># #.l.......#
##..5###...##...##
###....5###..#.....
#.o...##...#.....
#..#.#.....#.###.
#..#.....#.#.#
#..##...##...#
#..##..###.###


You could see a lemure, a bullfrog and an orc.

Vanquished Creatures
  Sigmund (D:2)
  2 bullfrogs (Sewer)
  A scorpion (D:4)
  Natasha (thrice) (D:2)
  2 iguanas
  2 orc wizards
  7 adders
  3 worms
  4 dart slugs
  6 orcs
  3 endoplasms (D:1)
  16 giant cockroaches
  2 hobgoblins
  8 quokkas
  10 ball pythons
  7 bats
  11 frilled lizards
  8 goblins
  6 kobolds
  4 rats
106 creatures vanquished.

Vanquished Creatures (collateral kills)
  A gnoll (D:3)
  A goblin (D:3)
2 creatures vanquished.

Grand Total: 108 creatures vanquished

Notes
Turn   | Place    | Note
-------+----------+-------------------------------------------
     0 | D:1      | bwicke the Djinni Wanderer began the quest for the Orb.
     0 | D:1      | Reached XP level 1. HP: 17/17 MP: 0/0
   155 | D:1      | Found a faded altar of an unknown god.
   249 | D:1      | Reached XP level 2. HP: 9/22 MP: 0/0
  1253 | D:1      | Reached XP level 3. HP: 21/27 MP: 0/0
  1253 | D:1      | Learned a level 1 spell: Necrotize
  1977 | D:2      | Noticed Natasha
  1983 | D:2      | Killed Natasha
  1984 | D:2      | Reached XP level 4. HP: 23/32 MP: 0/0
  2003 | D:2      | Noticed Natasha
  2008 | D:2      | Killed Natasha
  2209 | D:2      | Noticed Sigmund
  2296 | D:2      | Killed Sigmund
  2297 | D:2      | Reached XP level 5. HP: 25/37 MP: 0/0
  2297 | D:2      | Learned a level 2 spell: Call Imp
  2297 | D:2      | Reached XP level 6. HP: 29/42 MP: 0/0
  2568 | D:2      | Noticed Natasha
  2573 | D:2      | Killed Natasha
  3082 | D:3      | Found Synli's Weapon Boutique.
  3119 | D:3      | Reached skill level 5 in Spellcasting
  3548 | D:3      | Found an iron altar of Okawaru.
  3988 | D:4      | Noticed Pikel
  4066 | D:4      | Reached XP level 7. HP: 8/49 MP: 0/0
  4066 | D:4      | Learned a level 3 spell: Dazzling Flash
  4307 | D:4      | Found a glowing drain.
  4328 | Sewer    | Entered a sewer
  5115 | D:4      | HP: 2/53 [Pikel/+0 whip of freezing (1)]
  5129 | D:5      | Entered Level 5 of the Dungeon
  5417 | D:5      | Reached skill level 5 in Fighting
  5429 | D:5      | Reached XP level 8. HP: 46/59 MP: 0/0
  5476 | D:5      | Slain by a bullfrog

Illustrated notes

Levels and vault maps discovered:
D:1:      nzn_arrival_water_spiral, layout_basic, basic_ecumenical_altar
D:2:      layout_loops_corners, uniq_natasha, uniq_sigmund
D:3:      layout_basic, okawaru_altar_gauntlet_db, serial_shops, shop_statue
D:4:      layout_loops_ring, xom_butterflies, gup_sewer_entry_pipe,
          nicolae_elevator_lobby_asterisk, uniq_pikel
D:5:      layout_rooms, corexii_leaking_fountain
D:6:      layout_loops_ring, zin_treasury, minmay_temple_entry_gardened_gates,
          grunt_decor_junction, grunt_decor_mini_mirrors, nicolae_benzene_ring,
          wad_rectangle_vault, uniq_edmund, uniq_eustachio

Skill      XL: |  1  2  3  4  5  6  7 |
---------------+----------------------+-----
Spellcasting   | 2 3 4 5 |  5.0
Fighting       | 2 5 |  5.2
Short Blades   | |  3.6
Throwing       | |  1.0
Dodging        | |  2.1

Action                   |  1- 3 |  4- 6 |  7- 9 || total
-------------------------+-------+-------+-------++-------
Melee: Short sword       |    77 |   109 |    89 ||   275
Throw: Throwing net      |       |     1 |       ||     1
 Cast: Sandblast         |     6 |    10 |    13 ||    29
       Stone Arrow       |       |     1 |    12 ||    13
       Call Imp          |       |     1 |       ||     1
       Dazzling Flash    |       |       |     1 ||     1
  Use: Scroll            |       |     2 |     1 ||     3
       Potion            |       |       |     1 ||     1
 Stab: Held in net/web   |       |     2 |       ||     2
       Sleeping          |       |     2 |     2 ||     4
Armor: Robe              |    27 |    25 |    30 ||    82
Dodge: Dodged            |    43 |    45 |    85 ||   173

Table legend: (Time is in decaauts)
 A = Elapsed time spent in this place.
 B = Non-inter-level travel time spent in this place.
 C = Inter-level travel time spent in this place.
 D = Time resting spent in this place.
 E = Time spent auto-exploring this place.
 F = Levels seen in this place.
 G = Mean time per level.
                   A        B        C        D        E       F      G
               +--------+--------+--------+--------+--------+-----+--------+
         Total |   5454 |   5344 |    110 |    908 |   3192 |   7 |  779.1 |
       Dungeon |   4853 |   4743 |    110 |    753 |   2992 |   6 |  808.8 |
         Sewer |    600 |    600 |      0 |    155 |    200 |   1 |  600.0 |
               +--------+--------+--------+--------+--------+-----+--------+

Top non-repeatable levels by time:
     D:1: 1883 daAuts
     D:2: 1171 daAuts
     D:3: 950 daAuts
   Sewer: 600 daAuts
     D:4: 504 daAuts
     D:6: 269 daAuts
     D:5: 74 daAuts
